 Dungeon Crawl Stone Soup version 0.31-a0-949-g57150269e1 (webtiles) character file.

Game seed: 629825719638023164

70 Xavori the Trooper (level 4, 35/35 HPs)
             Began as a Demonspawn Chaos Knight on Oct 22, 2023.
             Was a Plaything of Xom.
             Quit the game on level 2 of the Dungeon.
             The game lasted 00:01:28 (2248 turns).

Xavori the Trooper (Demonspawn Chaos Knight)        Turns: 2248, Time: 00:01:29

Health: 35/35      AC:  6    Str: 12    XL:     4   Next: 3%
Magic:  4/4        EV: 11    Int: 13    God:    Xom [.*....]
Gold:   107        SH:  8    Dex: 15    Spells: 3/3 levels left

rFire   . . .        a - +0 falchion (chaos)
rCold   . . .        (no shield)
rNeg    . . .        b - +2 leather armour
rPois   .            (no helmet)
rElec   .            (no cloak)
rCorr   .            (no gloves)
SInv    .            g - +0 pair of boots
Will    .....        (no amulet)
Stlth   +            (no ring)
HPRegen 0.25/turn    (no ring)
MPRegen 0.09/turn

%: no passive effects
@: no status effects
A: hooves 1, powered by death 1, condensation shield, large bone plates 1,
evolution 1
a: Renounce Religion


You were on level 2 of the Dungeon.
You worshipped Xom.
You were a plaything of Xom.
You visited 1 branch of the dungeon, and saw 4 of its levels.

You collected 107 gold pieces.

Inventory:

Hand Weapons
 a - a +0 falchion of chaos (weapon)
Armour
 b - a +2 leather armour (worn)
 g - a +0 pair of boots (worn)
Jewellery
 l - a ring of protection from fire
Scrolls
 c - a scroll of butterflies
 d - a scroll of fear {unknown}
 h - 2 scrolls of enchant armour {unknown}
 i - a scroll of teleportation {unknown}
 k - 4 scrolls of identify {unknown}
 n - 2 scrolls of amnesia {unknown}
Potions
 e - a potion of heal wounds {unknown}
 f - a potion of magic {unknown}
 m - a potion of mutation {unknown}
Miscellaneous
 j - a condenser vane


   Skills:
 + Level 3.4 Fighting
 + Level 3.2 Long Blades
 + Level 2.4 Armour
 + Level 1.7 Dodging
 + Level 1.0 Evocations


You had 3 spell levels left.
You didn't know any spells.
Your spell library contained the following spells:

 Spells                   Type           Power      Damage    Failure   Level
 Freeze                   Ice            0%         1d3       36%         1
 Frozen Ramparts          Ice            0%         1d1       75%         3
 Hailstorm                Conj/Ice       0%         3d3       75%         3
 Stone Arrow              Conj/Erth      0%         3d7       75%         3
 Animate Armour           Summ/Erth      0%         N/A       98%         4
 Lehudib's Crystal Spear  Conj/Erth      0%         10d2      100%        8


Dungeon Overview and Level Annotations

Branches:
Dungeon (4/15)
 Temple: D:4-7

Altars:
Cheibriados
Vehumet


Innate Abilities, Weirdness & Mutations

You have large cloven feet.
You regenerate a little health from kills.
A meltable shield of frost defends you. (SH +4)
You are partially covered in large bone plates. (SH +4)
You have hidden genetic potential.


Message History

Found a stone staircase leading up.
An adder is nearby!
You barely miss the adder. You block the adder's attack.
You barely miss the adder. The adder barely misses you. x2
You hit the adder.
The adder is poisoned.
The adder is lightly wounded.
You block the adder's attack.
Unknown command.
You hit the adder. You burn the adder.
The adder is moderately wounded.
The adder bites you but does no damage.
You barely miss the adder.
The adder is moderately wounded.
The adder barely misses you. You block the adder's attack.
Unknown command.
You hit the adder.
The adder is heavily wounded.
You block the adder's attack.
You hit the adder but do no damage.
The adder is heavily wounded.
The adder bites you but does no damage. x2
Unknown command.
You closely miss the adder.
The adder is severely wounded.
You block the adder's attack.
Unknown command.
You hit the adder. You freeze the adder.
The adder is almost dead.
The adder barely misses you. The adder bites you but does no damage.
An adder is nearby!
You hit the adder. You burn the adder.
You kill the adder!
Your Evocations skill increases to level 1!
You have reached level 4!
You feel agile.
You feel monstrous as your demonic heritage exerts itself.
Your demonic ancestry asserts itself...
Your feet thicken and deform.
Unknown command.
Are you sure you want to abandon this character and quit the game? (Confirm with "yes".)

#.# .# #.# .. #.# #. #.#
#. #.# #< ######### #.#
####. #)......# #.#
###....##.#####.###.####
......†@..# #.........
###.####### ##########
#.# #.# #.# #.# # #.#
#># # #.# #.# # #.# #.#
# #.# #.# #


There were no monsters in sight!

Vanquished Creatures
  2 adders (D:2)
  An orc (D:1)
  4 ball pythons
  3 endoplasms
  A giant cockroach (D:1)
  3 goblins (D:1)
  7 hobgoblins
  4 jackals (D:1)
  7 quokkas
  5 bats
  4 frilled lizards
  3 kobolds
  A rat (D:1)
45 creatures vanquished.

Notes
Turn   | Place    | Note
-------+----------+-------------------------------------------
     0 | D:1      | Xavori the Demonspawn Chaos Knight began the quest for the
                  | Orb.
     0 | D:1      | Reached XP level 1. HP: 18/18 MP: 1/1
    55 | D:1      | Found a faded altar of an unknown god.
   126 | D:1      | Reached skill level 1 in Dodging
   126 | D:1      | XOM: silly message
   191 | D:1      | XOM: polymorph dart slug -> orc
   201 | D:1      | Gained mutation: A meltable shield of frost defends you.
                  | (SH +4) [demonic ancestry]
   201 | D:1      | Reached XP level 2. HP: 23/24 MP: 2/2
   277 | D:1      | XOM: god gift: 9 gold pieces
   438 | D:1      | XOM: god gift: condenser vane
   553 | D:1      | XOM: cloud trail
   785 | D:2      | Gained mutation: You regenerate a little health from kills.
                  | [demonic ancestry]
   785 | D:2      | Reached XP level 3. HP: 29/29 MP: 3/3
  1211 | D:1      | XOM: divination: detect creatures
  1488 | D:1      | XOM: give mutations
  1488 | D:1      | Gained mutation: You are partially covered in large bone
                  | plates. (SH +4) [Xom's grace]
  1488 | D:1      | Gained mutation: You are agile. (Dex +4, Str/Int -1) [Xom's
                  | grace]
  1488 | D:1      | Gained mutation: You have hidden genetic potential. [Xom's
                  | grace]
  1626 | D:1      | XOM: god gift: broad axe {god gift}
  1650 | D:2      | You fall into a shaft and drop 2 floors!
  1650 | D:4      | Found a radiant altar of Vehumet.
  1661 | D:4      | Found a snail-covered altar of Cheibriados.
  1707 | D:2      | XOM: give mutation
  1707 | D:2      | Lost mutation: You are agile. (Dex +4, Str/Int -1) [Xom's
                  | mischief]
  1779 | D:2      | XOM: silly message
  2248 | D:2      | Reached skill level 1 in Evocations
  2248 | D:2      | Discovered your monstrous ancestry.
  2248 | D:2      | Gained mutation: You have large cloven feet. [demonic
                  | ancestry]
  2248 | D:2      | Reached XP level 4. HP: 35/35 MP: 4/4
  2248 | D:2      | Quit the game

Illustrated notes

Levels and vault maps discovered:
D:1:      ebering_hopf_link, layout_rooms,
          dreamdust_ecumenical_altar_angels_and_demons
D:2:      layout_loops_ring, patterned_corridor
D:3:      layout_rooms, nicolae_ashenzari_panopticon, serial_bayou_pond_d
D:4:      wander_river, layout_cave_pools, nicolae_ru_awakened_eye,
          nicolae_vehumet_altar_sigil, mainiacjoe_overflow_cross_hatched,
          mainiacjoe_overflow_catch_the_wave, uniq_blork_the_orc

Skill      XL: |  1  2  3 |
---------------+----------+-----
Dodging        | 1 |  1.7
Armour         | 2 |  2.4
Long Blades    | 3 |  3.2
Evocations     | 1 |  1.0
Fighting       | |  3.4

Action                     |  1- 3 |  4- 6 || total
---------------------------+-------+-------++-------
  Melee: Falchion          |   137 |       ||   137
   Stab: Sleeping          |     2 |       ||     2
         Confused          |     1 |       ||     1
 Armour: Leather armour    |    72 |       ||    72
  Dodge: Dodged            |    74 |       ||    74
  Block: Other             |    36 |       ||    36

Table legend: (Time is in decaauts)
 A = Elapsed time spent in this place.
 B = Non-inter-level travel time spent in this place.
 C = Inter-level travel time spent in this place.
 D = Time resting spent in this place.
 E = Time spent auto-exploring this place.
 F = Levels seen in this place.
 G = Mean time per level.
                   A        B        C        D        E       F      G
               +--------+--------+--------+--------+--------+-----+--------+
         Total |   2267 |   2216 |     51 |   1002 |    909 |   4 |  566.8 |
       Dungeon |   2267 |   2216 |     51 |   1002 |    909 |   4 |  566.8 |
               +--------+--------+--------+--------+--------+-----+--------+

Top non-repeatable levels by time:
     D:1: 1619 daAuts
     D:2: 624 daAuts
     D:4: 16 daAuts
     D:3: 6 daAuts
